[ AOE2 MATCH · #505169583 ]
UnrankedGoths vs Britons
Player's team · WIN
Rival team · LOSS
[ REPLAY ANALYSIS · EXTRACTED FROM THE RECORDED GAME ]
Feudal
9:41
Castle
24:31
Imperial
—
| APM avg | 47.7 |
| APM peak | 159 |
| eAPM avg | 30.8 |
| Villagers / military | 152 / 283 |
Focus
⚔️ 50.6% · 🌾 49.4%
Huskarl ×185 · Militia ×57 · Archer ×19 · Battering Ram ×16 · Monk ×6
Feudal
12:07
Castle
24:43
Imperial
—
| APM avg | 45.0 |
| APM peak | 77 |
| eAPM avg | 29.3 |
| Villagers / military | 165 / 113 |
Focus
⚔️ 51.8% · 🌾 48.2%
Longbowman ×56 · Knight ×35 · Militia ×13 · Petard ×4 · Scout Cavalry ×3 · Mangonel ×2
Match map
Initial resources + every placement click. Lines = walls · curves = elevation contours. ◆ gold · ⬟ stone · ● berries · ✦ relic · ◌ wall gap
Your base· ✓ Closed at 24:31 · 19t walls · no gate
Predestined Jean Calvin's base· Open — opponent sealed themselves in
Smoothed initial terrain · ◌ = detected wall gap · hover for details
Inputs per minute
— snowshawnskate - - Predestined Jean Calvin
Build order — snowshawnskate
First 150 of 640 actions detected
| 0:01 | Create | Villager (Male) |
| 0:01 | Create | Villager (Male) |
| 0:02 | Build | House |
| 0:03 | Build | House |
| 0:15 | Create | Villager (Male) |
| 0:21 | Create | Villager (Male) |
| 1:29 | Create | Villager (Male) |
| 1:54 | Build | Lumber Camp |
| 1:59 | Create | Villager (Male) |
| 2:14 | Create | Villager (Male) |
| 2:48 | Create | Villager (Male) |
| 3:08 | Create | Villager (Male) |
| 3:28 | Build | House |
| 3:39 | Create | Villager (Male) |
| 3:53 | Create | Villager (Male) |
| 4:14 | Build | Mill |
| 4:19 | Create | Villager (Male) |
| 4:34 | Create | Villager (Male) |
| 4:39 | Create | Villager (Male) |
| 5:00 | Build | House |
| 5:09 | Build | House |
| 5:15 | Create | Villager (Male) |
| 5:23 | Create | Villager (Male) |
| 5:25 | Create | Villager (Male) |
| 5:47 | Create | Villager (Male) |
| 5:56 | Create | Villager (Male) |
| 6:01 | Create | Villager (Male) |
| 6:43 | Create | Villager (Male) |
| 7:05 | Create | Villager (Male) |
| 7:27 | Research | Feudal Age |
| 7:36 | Build | Barracks |
| 8:32 | Create | Militia |
| 8:32 | Create | Militia |
| 8:33 | Create | Militia |
| 8:37 | Build | House |
| 9:02 | Create | Militia |
| 9:21 | Create | Villager (Male) |
| 9:41 | Age | Feudal Age |
| 10:05 | Build | Mining Camp |
| 10:07 | Create | Villager (Male) |
| 10:08 | Build | Palisade Wall |
| 10:09 | Build | Palisade Wall |
| 10:28 | Build | Palisade Wall |
| 10:31 | Research | Man-at-Arms (upgrade) |
| 10:38 | Create | Villager (Male) |
| 10:45 | Build | Palisade Wall |
| 10:47 | Create | Villager (Male) |
| 11:12 | Build | Palisade Wall |
| 11:21 | Create | Militia |
| 11:22 | Create | Villager (Male) |
| 11:25 | Create | Villager (Male) |
| 11:28 | Build | House |
| 11:32 | Build | House |
| 11:34 | Build | House |
| 11:37 | Research | Loom |
| 11:37 | Create | Villager (Male) |
| 11:41 | Create | Militia |
| 11:41 | Create | Militia |
| 11:43 | Create | Villager (Male) |
| 11:50 | Research | Wheelbarrow |
| 12:05 | Create | Villager (Male) |
| 12:09 | Build | Palisade Wall |
| 12:13 | Research | Double-Bit Axe |
| 12:13 | Create | Villager (Male) |
| 12:18 | Build | Blacksmith |
| 12:23 | Create | Militia |
| 12:24 | Create | Villager (Male) |
| 12:54 | Research | Horse Collar |
| 12:54 | Research | Horse Collar |
| 12:54 | Create | Villager (Male) |
| 12:57 | Create | Militia |
| 13:05 | Research | Forging |
| 13:05 | Research | Forging |
| 13:19 | Build | Palisade Wall |
| 13:24 | Create | Militia |
| 13:25 | Create | Villager (Male) |
| 13:33 | Build | House |
| 13:34 | Build | House |
| 13:36 | Build | House |
| 13:40 | Create | Villager (Male) |
| 13:49 | Build | Farm |
| 13:53 | Build | Palisade Wall |
| 14:02 | Build | Palisade Wall |
| 14:04 | Build | Palisade Wall |
| 14:22 | Create | Militia |
| 14:23 | Create | Militia |
| 14:32 | Create | Villager (Male) |
| 14:35 | Build | Farm |
| 14:56 | Build | Archery Range |
| 15:11 | Create | Villager (Male) |
| 15:22 | Create | Villager (Male) |
| 15:24 | Build | Archery Range |
| 15:30 | Build | Farm |
| 15:31 | Build | Farm |
| 15:46 | Create | Villager (Male) |
| 15:57 | Create | Archer |
| 15:57 | Create | Archer |
| 16:00 | Create | Villager (Male) |
| 16:04 | Build | House |
| 16:07 | Create | Archer |
| 16:07 | Create | Archer |
| 16:23 | Create | Archer |
| 16:24 | Create | Archer |
| 16:24 | Create | Villager (Male) |
| 16:27 | Build | Farm |
| 16:28 | Build | Farm |
| 16:29 | Build | Farm |
| 16:41 | Create | Villager (Male) |
| 16:48 | Create | Archer |
| 16:48 | Create | Archer |
| 16:59 | Research | Fletching |
| 17:10 | Build | House |
| 17:12 | Create | Archer |
| 17:12 | Create | Archer |
| 17:20 | Create | Militia |
| 17:21 | Create | Militia |
| 17:27 | Create | Villager (Male) |
| 17:37 | Create | Archer |
| 17:42 | Create | Militia |
| 17:43 | Create | Militia |
| 17:45 | Build | House |
| 18:00 | Create | Archer |
| 18:00 | Create | Archer |
| 18:02 | Create | Villager (Male) |
| 18:06 | Build | Farm |
| 18:07 | Build | Farm |
| 18:07 | Build | Farm |
| 18:07 | Build | Farm |
| 18:07 | Build | Farm |
| 18:08 | Build | Farm |
| 18:18 | Create | Archer |
| 18:18 | Create | Archer |
| 18:37 | Create | Militia |
| 18:37 | Create | Militia |
| 18:38 | Create | Villager (Male) |
| 18:38 | Create | Villager (Male) |
| 19:09 | Create | Villager (Male) |
| 19:14 | Build | Farm |
| 19:16 | Build | House |
| 19:17 | Build | House |
| 19:18 | Build | House |
| 19:26 | Create | Archer |
| 19:27 | Create | Archer |
| 19:29 | Create | Villager (Male) |
| 19:44 | Create | Archer |
| 19:44 | Create | Archer |
| 19:45 | Create | Villager (Male) |
| 19:50 | Build | Lumber Camp |
| 20:16 | Build | Farm |
| 20:27 | Research | Town Watch |
Build order — Predestined Jean Calvin
First 150 of 467 actions detected
| 0:01 | Create | Villager (Male) |
| 0:01 | Create | Villager (Male) |
| 0:01 | Create | Villager (Male) |
| 0:02 | Build | House |
| 0:03 | Build | House |
| 0:05 | Create | Villager (Male) |
| 1:18 | Create | Villager (Male) |
| 1:47 | Create | Villager (Male) |
| 1:51 | Build | Lumber Camp |
| 1:54 | Create | Villager (Male) |
| 1:54 | Create | Villager (Male) |
| 2:14 | Create | Villager (Male) |
| 2:37 | Create | Villager (Male) |
| 3:09 | Create | Villager (Male) |
| 3:51 | Build | House |
| 3:56 | Create | Villager (Male) |
| 3:56 | Create | Villager (Male) |
| 4:08 | Build | Palisade Wall |
| 4:09 | Build | Palisade Wall |
| 4:23 | Create | Villager (Male) |
| 4:25 | Build | Palisade Wall |
| 4:27 | Build | Palisade Wall |
| 4:30 | Create | Villager (Male) |
| 4:36 | Build | Palisade Wall |
| 4:37 | Build | Palisade Wall |
| 4:43 | Create | Villager (Male) |
| 4:57 | Build | Palisade Wall |
| 5:22 | Build | Mill |
| 5:36 | Create | Villager (Male) |
| 5:55 | Build | House |
| 5:57 | Create | Villager (Male) |
| 6:38 | Build | Barracks |
| 6:42 | Create | Villager (Male) |
| 7:18 | Create | Villager (Male) |
| 7:22 | Build | House |
| 7:50 | Create | Villager (Male) |
| 7:52 | Create | Militia |
| 7:52 | Create | Militia |
| 7:52 | Create | Militia |
| 8:14 | Build | Palisade Wall |
| 8:24 | Research | Loom |
| 8:31 | Build | Mining Camp |
| 8:53 | Research | Feudal Age |
| 9:07 | Create | Villager (Male) |
| 9:10 | Build | House |
| 9:11 | Create | Militia |
| 9:26 | Create | Villager (Male) |
| 9:33 | Create | Villager (Male) |
| 9:35 | Build | Farm |
| 9:44 | Research | Feudal Age |
| 10:05 | Build | Farm |
| 10:26 | Build | Farm |
| 10:28 | Build | Palisade Wall |
| 10:29 | Build | Palisade Wall |
| 10:31 | Build | Palisade Wall |
| 10:32 | Build | Palisade Wall |
| 10:34 | Build | Palisade Wall |
| 10:43 | Create | Villager (Male) |
| 10:56 | Build | Palisade Wall |
| 10:57 | Build | Palisade Wall |
| 11:02 | Create | Militia |
| 11:02 | Create | Militia |
| 11:11 | Create | Villager (Male) |
| 11:27 | Build | Farm |
| 11:33 | Build | House |
| 11:36 | Create | Militia |
| 11:57 | Build | Farm |
| 12:07 | Age | Feudal Age |
| 12:09 | Research | Man-at-Arms (upgrade) |
| 12:10 | Research | Double-Bit Axe |
| 12:11 | Research | Horse Collar |
| 12:14 | Build | Blacksmith |
| 12:19 | Create | Villager (Male) |
| 12:34 | Create | Villager (Male) |
| 12:36 | Build | Farm |
| 12:53 | Create | Militia |
| 12:53 | Create | Militia |
| 12:55 | Create | Militia |
| 13:01 | Build | House |
| 13:03 | Create | Villager (Male) |
| 13:05 | Build | Farm |
| 13:18 | Research | Scale Mail Armor |
| 13:26 | Build | Farm |
| 13:30 | Create | Villager (Male) |
| 13:30 | Create | Villager (Male) |
| 13:44 | Create | Villager (Male) |
| 13:46 | Build | Farm |
| 13:51 | Create | Villager (Male) |
| 14:03 | Create | Villager (Male) |
| 14:03 | Create | Villager (Male) |
| 14:20 | Create | Villager (Male) |
| 14:38 | Create | Villager (Male) |
| 14:46 | Build | Mining Camp |
| 14:54 | Create | Villager (Male) |
| 15:01 | Create | Villager (Male) |
| 15:14 | Create | Militia |
| 15:14 | Create | Militia |
| 15:20 | Build | Farm |
| 15:21 | Create | Villager (Male) |
| 15:27 | Build | House |
| 15:35 | Create | Militia |
| 15:43 | Build | Stone Wall |
| 15:44 | Build | Stone Wall |
| 15:49 | Build | Stone Wall |
| 15:51 | Build | Stone Wall |
| 15:52 | Create | Villager (Male) |
| 15:55 | Build | Outpost |
| 16:01 | Build | Farm |
| 16:04 | Build | Farm |
| 16:14 | Build | Palisade Wall |
| 16:15 | Build | Palisade Wall |
| 16:17 | Create | Villager (Male) |
| 16:19 | Build | Stone Wall |
| 16:37 | Build | Stone Wall |
| 16:38 | Build | Stone Wall |
| 16:43 | Build | Watch Tower |
| 16:43 | Create | Villager (Male) |
| 16:43 | Create | Villager (Male) |
| 16:49 | Build | Stone Wall |
| 16:54 | Build | House |
| 17:06 | Create | Villager (Male) |
| 17:23 | Build | Palisade Wall |
| 17:25 | Build | Palisade Wall |
| 17:27 | Create | Villager (Male) |
| 17:31 | Build | House |
| 17:42 | Build | Farm |
| 17:43 | Create | Villager (Male) |
| 17:46 | Build | House |
| 17:48 | Build | House |
| 17:50 | Build | House |
| 17:52 | Create | Villager (Male) |
| 18:06 | Build | House |
| 18:07 | Build | House |
| 18:17 | Build | Watch Tower |
| 18:35 | Build | Stone Wall |
| 18:36 | Build | Stone Wall |
| 18:41 | Build | House |
| 19:01 | Create | Villager (Male) |
| 19:15 | Build | Watch Tower |
| 19:16 | Create | Villager (Male) |
| 19:19 | Build | House |
| 19:23 | Create | Villager (Male) |
| 19:41 | Build | Mining Camp |
| 19:42 | Create | Villager (Male) |
| 19:47 | Build | Stone Wall |
| 19:49 | Build | Stone Wall |
| 19:49 | Build | Stone Wall |
| 19:55 | Build | Farm |
| 19:56 | Build | Farm |
| 19:59 | Build | House |
Match timeline
| 4:08 | Predestined Jean Calvin · wall_segment Palisade Wall x1 |
| 4:09 | Predestined Jean Calvin · wall_segment Palisade Wall x1 |
| 4:25 | Predestined Jean Calvin · wall_segment Palisade Wall x1 |
| 4:27 | Predestined Jean Calvin · wall_segment Palisade Wall x1 |
| 4:36 | Predestined Jean Calvin · wall_segment Palisade Wall x1 |
| 4:37 | Predestined Jean Calvin · wall_segment Palisade Wall x1 |
| 4:57 | Predestined Jean Calvin · wall_segment Palisade Wall x1 |
| 6:38 | Predestined Jean Calvin · first_building Barracks |
| 7:36 | snowshawnskate · first_building Barracks |
| 8:14 | Predestined Jean Calvin · wall_segment Palisade Wall x1 |
| 9:41 | snowshawnskate · age_up feudal |
| 10:08 | snowshawnskate · wall_segment Palisade Wall x1 |
| 10:09 | snowshawnskate · wall_segment Palisade Wall x1 |
| 10:28 | snowshawnskate · wall_segment Palisade Wall x1 |
| 10:28 | Predestined Jean Calvin · wall_segment Palisade Wall x1 |
| 10:29 | Predestined Jean Calvin · wall_segment Palisade Wall x1 |
| 10:31 | Predestined Jean Calvin · wall_segment Palisade Wall x1 |
| 10:32 | Predestined Jean Calvin · wall_segment Palisade Wall x1 |
| 10:34 | Predestined Jean Calvin · wall_segment Palisade Wall x1 |
| 10:45 | snowshawnskate · wall_segment Palisade Wall x3 |
| 10:56 | Predestined Jean Calvin · wall_segment Palisade Wall x1 |
| 10:57 | Predestined Jean Calvin · wall_segment Palisade Wall x1 |
| 11:12 | snowshawnskate · wall_segment Palisade Wall x1 |
| 12:07 | Predestined Jean Calvin · age_up feudal |
| 12:09 | snowshawnskate · wall_segment Palisade Wall x1 |
| 13:19 | snowshawnskate · wall_segment Palisade Wall x1 |
| 13:53 | snowshawnskate · wall_segment Palisade Wall x1 |
| 14:02 | snowshawnskate · wall_segment Palisade Wall x1 |
| 14:04 | snowshawnskate · wall_segment Palisade Wall x1 |
| 14:56 | snowshawnskate · first_building Archery Range |
| 15:43 | Predestined Jean Calvin · wall_segment Stone Wall x1 |
| 15:44 | Predestined Jean Calvin · wall_segment Stone Wall x1 |
| 15:49 | Predestined Jean Calvin · wall_segment Stone Wall x1 |
| 15:51 | Predestined Jean Calvin · wall_segment Stone Wall x1 |
| 16:14 | Predestined Jean Calvin · wall_segment Palisade Wall x1 |
| 16:15 | Predestined Jean Calvin · wall_segment Palisade Wall x1 |
| 16:19 | Predestined Jean Calvin · wall_segment Stone Wall x1 |
| 16:37 | Predestined Jean Calvin · wall_segment Stone Wall x1 |
| 16:38 | Predestined Jean Calvin · wall_segment Stone Wall x1 |
| 16:49 | Predestined Jean Calvin · wall_segment Stone Wall x1 |
| 17:23 | Predestined Jean Calvin · wall_segment Palisade Wall x1 |
| 17:25 | Predestined Jean Calvin · wall_segment Palisade Wall x1 |
| 18:35 | Predestined Jean Calvin · wall_segment Stone Wall x1 |
| 18:36 | Predestined Jean Calvin · wall_segment Stone Wall x1 |
| 19:47 | Predestined Jean Calvin · wall_segment Stone Wall x1 |
| 19:49 | Predestined Jean Calvin · wall_segment Stone Wall x1 |
| 19:49 | Predestined Jean Calvin · wall_segment Stone Wall x1 |
| 20:32 | snowshawnskate · wall_segment Palisade Wall x7 |
| 20:44 | Predestined Jean Calvin · wall_segment Palisade Wall x1 |
| 20:52 | Predestined Jean Calvin · wall_segment Palisade Wall x1 |
| 21:43 | Predestined Jean Calvin · wall_segment Palisade Wall x1 |
| 21:54 | Predestined Jean Calvin · first_building Stable |
| 22:17 | Predestined Jean Calvin · wall_segment Palisade Wall x1 |
| 24:31 | snowshawnskate · age_up castle |
| 24:43 | Predestined Jean Calvin · age_up castle |
| 24:44 | Predestined Jean Calvin · wall_segment Stone Wall x1 |
| 24:45 | Predestined Jean Calvin · wall_segment Stone Wall x1 |
| 24:46 | snowshawnskate · first_market_buy 100 food |
| 24:49 | Predestined Jean Calvin · first_building Castle |
| 24:53 | snowshawnskate · first_building Siege Workshop |
| 24:59 | Predestined Jean Calvin · first_market_buy 100 stone |
| 25:51 | Predestined Jean Calvin · first_building Siege Workshop |
| 27:04 | Predestined Jean Calvin · first_market_sell 100 food |
| 27:31 | snowshawnskate · first_building Monastery |
| 30:06 | Predestined Jean Calvin · wall_segment Stone Wall x4 |
| 30:26 | Predestined Jean Calvin · wall_segment Stone Wall x1 |
| 30:27 | Predestined Jean Calvin · wall_segment Stone Wall x1 |
| 30:29 | Predestined Jean Calvin · wall_segment Stone Wall x1 |
| 30:31 | Predestined Jean Calvin · wall_segment Stone Wall x1 |
| 30:37 | Predestined Jean Calvin · wall_segment Stone Wall x1 |
| 30:38 | Predestined Jean Calvin · wall_segment Stone Wall x1 |
| 30:40 | Predestined Jean Calvin · wall_segment Stone Wall x1 |
| 30:41 | Predestined Jean Calvin · wall_segment Stone Wall x1 |
| 30:43 | Predestined Jean Calvin · wall_segment Stone Wall x1 |
| 30:55 | Predestined Jean Calvin · wall_segment Stone Wall x7 |
| 31:14 | snowshawnskate · first_building Castle |
| 47:03 | Predestined Jean Calvin · resign |
[ AI ANALYSIS · 1 CREDIT ]
What really happened in this match?
Wolo.gg analyzes every decision: build order, eco, micro, common mistakes by bracket. Personalized analysis on WhatsApp or Discord in 30 seconds.
Civ guide
Goths
Perfil
Jugador #1193732